 Dungeon Crawl Stone Soup version 0.31-a0-1327-g8c40ea976f (webtiles) character file.

Game seed: 11197970252362166485

238 Ge0ff the Shooter (level 5, -5/38 HPs)
             Began as a Vampire Hunter on Dec 21, 2023.
             Slain by a black bear (6 damage)
             ... on level 5 of the Dungeon.
             The game lasted 00:09:30 (2778 turns).

Ge0ff the Shooter (Vampire Hunter)                  Turns: 2778, Time: 00:09:31

Health: -5/38      AC:  4    Str: 16    XL:     5   Next: 78%
Magic:  5/5        EV: 12    Int: 12    God:
Gold:   149        SH:  5    Dex: 19    Spells: 4/4 levels left

rFire   . . .        a - +0 shortbow
rCold   . . .        (shield currently unavailable)
rNeg    + . .        c - +1 leather armour
rPois   .            (no helmet)
rElec   .            (no cloak)
rCorr   .            U - -1 pair of gloves "Manwur" {*Slow Fly Regen+ Stlth+}
SInv    +            (no boots)
Will    .....        T - amulet of reflection
Stlth   +++          L - ring of positive energy
HPRegen 1.26/turn    E - +6 ring of strength
MPRegen 0.09/turn

%: slow self (1%), reflection
@: flying, healing quickly
A: alive, fangs 3, see invisible, vampiric 2
a: Exsanguinate


You were on level 5 of the Dungeon.
You visited 1 branch of the dungeon, and saw 5 of its levels.

You collected 364 gold pieces.
You spent 215 gold pieces at shops.

Inventory:

Hand Weapons
 a - a +0 shortbow (weapon)
 G - a +2 dagger of distortion
Missiles
 g - 2 throwing nets {=F}
 R - 54 stones
 S - 5 darts of dispersal
Armour
 c - a +1 leather armour (worn)
 U - the -1 pair of gloves "Manwur" (worn) {*Slow Fly Regen+ Stlth+}
   (You acquired it on level 5 of the Dungeon)

   Fly:       It grants you flight.
   Regen+:    It increases your rate of health regeneration.
   *Slow:     It may slow you when you take damage.
   Stlth+:    It makes you more stealthy.
Jewellery
 E - a +6 ring of strength (right hand)
 L - a ring of positive energy (left hand)
 T - an amulet of reflection (around neck)
Wands
 f - a wand of flame (39)
Scrolls
 F - 2 scrolls of fog
 V - 6 scrolls of enchant armour
Potions
 o - 3 potions of ambrosia
 H - a potion of brilliance {unknown}
 J - a potion of mutation {unknown}
 K - 2 potions of magic {!q}
 M - 2 potions of curing {unknown}
 N - 2 potions of berserk rage {unknown}
 P - a potion of heal wounds {unknown}
 Q - a potion of lignification {unknown}
 W - a potion of might {unknown}
 X - a potion of enlightenment
 Y - a potion of attraction {unknown}
 Z - a potion of haste {unknown}


   Skills:
 - Level 2.0 Fighting
 + Level 5.4 Ranged Weapons
 - Level 2.1 Dodging
 - Level 2.0 Stealth
 + Level 2.0 Evocations


You had 4 spell levels left.
You didn't know any spells.
Your spell library contained the following spells:

 Spells                   Type           Power      Damage    Failure   Level
 Shock                    Conj/Air       0%         1d3       38%         1
 Swiftness                Air            0%         N/A       77%         3
 Airstrike                Air            0%         2d(0-16)  99%         4
 Conjure Ball Lightning   Conj/Air       0%         3x3d6     100%        6
 Discord                  Hex            0%         N/A       100%        8
 Disjunction              Tloc           0%         N/A       100%        8


Dungeon Overview and Level Annotations

Branches:
Dungeon (5/15) Zot: 26838
 Temple: D:4-7

Altars:
Ashenzari

Shops:
D:3 [*[((

Annotations:
D:1 fly
D:2 1 runed translucent door, Crazy Yiuf
D:3 2 transporters, Grinder
D:5 Ijyb


Innate Abilities, Weirdness & Mutations

Your natural rate of healing is accelerated.
You have razor-sharp teeth.
You have supernaturally acute eyesight. (SInv)
You are afflicted with vampirism and can become a bat while bloodless.


Message History

The black bear is heavily wounded.
You block the black bear's attack. The black bear claws you.
The black bear barely misses you.
You shoot an arrow. The arrow hits the black bear.
The black bear is severely wounded.
The black bear goes berserk!
You shoot an arrow. The arrow hits the black bear.
The black bear is almost dead.
The black bear misses you.
The black bear claws you but does no damage.
The black bear claws you. The black bear bites you.
The black bear barely misses you. You block the black bear's attack.
You shoot an arrow. The arrow hits the black bear.
The black bear is almost dead.
The black bear bites you! You block the black bear's attack.
The black bear completely misses you. The black bear bites you!
The black bear claws you but does no damage.
The black bear claws you.
You are too injured to fight recklessly!
You are too injured to fight recklessly!
Fire: a) +0 shortbow
Press: ? - help, Q - select action, (/) - cycle Shift-Dir - straight line, f/p - black bear
Aim: a black bear (almost dead, berserk, 71% to hit)
You shoot an arrow.
The arrow completely misses the black bear.
The black bear bites you but does no damage.
The black bear completely misses you. The black bear claws you.
The black bear barely misses you. x3
Fire: a) +0 shortbow
Press: ? - help, Q - select action, (/) - cycle Shift-Dir - straight line, f/p - black bear
Aim: a black bear (almost dead, berserk, 71% to hit)
You shoot an arrow. The arrow hits the black bear.
The black bear is almost dead.
The black bear closely misses you. The black bear claws you.
* * * LOW HITPOINT WARNING * * *
The black bear claws you.
* * * LOW HITPOINT WARNING * * *
Fire: a) +0 shortbow
Press: ? - help, Q - select action, (/) - cycle Shift-Dir - straight line, f/p - black bear
Aim: a black bear (almost dead, berserk, 71% to hit)
You shoot an arrow.
The arrow hits the black bear but does no damage.
The black bear is almost dead.
The black bear closely misses you. The black bear completely misses you.
The black bear claws you.
* * * LOW HITPOINT WARNING * * *
The black bear bites you.
* * * LOW HITPOINT WARNING * * *
The black bear claws you.
You die...

#..# #..#
#..# #..###
#....# #.##.#
#.##.# #
#.##.##.####.
#.##.@h......
#............
#######.####.
... ###


You could see a black bear (berserk).

Vanquished Creatures
  Jessica (D:3)
  A sleepcap (D:4)
  3 iguanas
  An adder (D:4)
  A worm (D:3)
  7 dart slugs
  6 orcs
  5 bats
  7 endoplasms
  2 giant cockroaches
  8 goblins
  8 hobgoblins
  2 jackals (D:3)
  6 quokkas
  5 ball pythons
  2 frilled lizards
  3 kobolds
  7 rats
75 creatures vanquished.

Notes
Turn   | Place    | Note
-------+----------+-------------------------------------------
     0 | D:1      | Ge0ff the Vampire Hunter began the quest for the Orb.
     0 | D:1      | Reached XP level 1. HP: 16/16 MP: 1/1
   130 | D:1      | Reached XP level 2. HP: 22/22 MP: 2/2
   345 | D:1      | Reached skill level 4 in Ranged Weapons
   379 | D:1      | Gained mutation: You are afflicted with vampirism and can
                  | become a bat while bloodless. [Vampire growth]
   379 | D:1      | Reached XP level 3. HP: 21/27 MP: 3/3
  1055 | D:2      | You fall into a shaft and drop 2 floors!
  1213 | D:2      | Found a runed translucent door.
  1214 | D:2      | Noticed Crazy Yiuf
  1357 | D:3      | Found Puss's Weapon Shoppe.
  1367 | D:3      | Found a transporter.
  1415 | D:3      | Noticed Grinder
  1420 | D:3      | Found Isawuuza's Assorted Antiques.
  1431 | D:3      | Reached XP level 4. HP: 33/33 MP: 4/4
  1434 | D:3      | Found Meerch's Antique Armour Shoppe.
  1436 | D:3      | Bought 3 scrolls labelled JUR VUIMOXOOC for 84 gold pieces
  1436 | D:3      | Bought a scroll labelled NAPRIE TULEPSO for 28 gold pieces
  1436 | D:3      | Bought a scroll labelled NAPRIE TULEPSO for 28 gold pieces
  1436 | D:3      | Bought a glowing clear potion for 25 gold pieces
  1436 | D:3      | Bought a glowing clear potion for 25 gold pieces
  1481 | D:3      | Noticed Jessica
  1485 | D:3      | Killed Jessica
  1515 | D:3      | Found Syureaho's Armour Emporium.
  1646 | D:3      | Found Uvytan's Antique Weapon Shoppe.
  1919 | D:3      | Found a transporter.
  1922 | D:3      | Noticed a small abomination
  1972 | D:3      | Noticed a small abomination
  2010 | D:3      | Bought a puce potion for 25 gold pieces
  2061 | D:4      | Reached skill level 5 in Ranged Weapons
  2092 | D:4      | Reached XP level 5. HP: 26/38 MP: 5/5
  2154 | D:4      | Reached skill level 1 in Evocations
  2255 | D:4      | Found a broken altar of Ashenzari.
  2623 | D:5      | Entered Level 5 of the Dungeon
  2623 | D:5      | Noticed a troll
  2651 | D:5      | Identified a scroll of acquirement
  2651 | D:5      | Acquired the -1 pair of gloves "Manwur" {*Slow Fly Regen+
                  | Stlth+}
  2662 | D:5      | Noticed Ijyb
  2766 | D:5      | Noticed a black bear
  2778 | D:5      | HP: 1/38 [black bear (2)]
  2778 | D:5      | Slain by a black bear

Illustrated notes

Levels and vault maps discovered:
D:1:      grunt_arrival_lava_bath, layout_rooms, minmay_tall_x
D:2:      layout_basic, uniq_crazy_yiuf_cottage
D:3:      layout_rooms, gammafunk_ghost_abyssal_escape, serial_shops, shop,
          nicolae_shop_stone, shop, shop, nicolae_shop_just_a_little_nook,
          kennysheep_generic_room_9, uniq_jessica, uniq_grinder
D:4:      layout_gridville, ashenzari_altar_1
D:5:      layout_loops_ring, lightli_sewer_entry_pipes, nicolae_shop_vocational,
          uniq_sigmund, uniq_ijyb, uniq_eustachio

Skill      XL: |  1  2  3  4  5 |
---------------+----------------+-----
Ranged Weapons | 4 5 |  5.4
Stealth        | 2 |  2.0
Fighting       | 2 |  2.0
Evocations     | 2 |  2.0
Dodging        | |  2.1

Action                     |  1- 3 |  4- 6 || total
---------------------------+-------+-------++-------
   Fire: Shortbow          |   150 |   131 ||   281
    Use: Scroll            |     1 |    11 ||    12
         Potion            |       |     1 ||     1
 Armour: Leather armour    |    34 |    50 ||    84
  Dodge: Dodged            |    26 |    56 ||    82
  Block: Other             |       |     3 ||     3

Table legend: (Time is in decaauts)
 A = Elapsed time spent in this place.
 B = Non-inter-level travel time spent in this place.
 C = Inter-level travel time spent in this place.
 D = Time resting spent in this place.
 E = Time spent auto-exploring this place.
 F = Levels seen in this place.
 G = Mean time per level.
                   A        B        C        D        E       F      G
               +--------+--------+--------+--------+--------+-----+--------+
         Total |   2838 |   2685 |    153 |    173 |   1683 |   5 |  567.6 |
       Dungeon |   2838 |   2685 |    153 |    173 |   1683 |   5 |  567.6 |
               +--------+--------+--------+--------+--------+-----+--------+

Top non-repeatable levels by time:
     D:2: 780 daAuts
     D:4: 668 daAuts
     D:3: 650 daAuts
     D:1: 603 daAuts
     D:5: 136 daAuts
